 Dungeon Crawl Stone Soup version 0.23.0 (webtiles) character file.

Game seed: 13543443686363922270

2587 Monsterracer the Grappler (level 9, -6/85 HPs)
             Began as a Troll Wizard on Feb 9, 2019.
             Was a Believer of Cheibriados.
             Mangled by an orc warrior
             ... wielding a +0 battleaxe
              (17 damage)
             ... on level 7 of the Dungeon.
             The game lasted 00:13:07 (7289 turns).

Monsterracer the Grappler (Troll Wizard)            Turns: 7289, Time: 00:13:08

Health: -6/85      AC:  9    Str: 23    XL:     9   Next: 32%
Magic:  8/11       EV: 11    Int: 23    God:    Cheibriados [**....]
Gold:   164        SH:  0    Dex: 14    Spells: 10/12 levels left

rFire    . . .     SeeInvis .     - Unarmed
rCold    . . .     Gourm    +   (no shield)
rNeg     . . .     Faith    +   f - +1 robe {MR+}
rPois    .         Spirit   .   b - +2 hat
rElec    .         Reflect  .   (no cloak)
rCorr    .         Harm     .   (gloves unavailable)
MR       +....     Rnd*Tele +   (boots unavailable)
Stlth    ++........             k - amulet of faith
HPRegen  0.64/turn              B - ring of teleportation (curse)
MPRegen  0.12/turn              (no ring)

@: very slow
A: large, unfitting armour, claws 3, fast metabolism 3, gourmand, regeneration
1, shaggy fur 1, tough skin 3
a: Bend Time, Renounce Religion


You were on level 7 of the Dungeon.
You worshipped Cheibriados.
Cheibriados was pleased with you.
You were completely stuffed.

You visited 2 branches of the dungeon, and saw 8 of its levels.
You also visited: Sewer and Ossuary.

You collected 489 gold pieces.
You spent 325 gold pieces at shops.

Inventory:

Missiles
 x - 7 tomahawks
 z - 166 stones (quivered)
Armour
 b - a +2 hat (worn)
 f - a +1 robe of magic resistance (worn)
Jewellery
 k - an amulet of faith (around neck)
 B - a cursed ring of teleportation (left claw)
Wands
 n - a wand of flame (21)
Scrolls
 d - 2 scrolls of amnesia
 i - 2 scrolls of immolation {!r}
 l - a scroll of enchant armour
 m - 2 scrolls of magic mapping
 p - a scroll of fog
 r - 4 scrolls of remove curse
 t - 5 scrolls of teleportation {!r}
Potions
 e - 5 potions of curing
 g - 2 potions of lignification
 h - 3 potions of flight
 j - a potion of invisibility {unknown}
 o - 3 potions of brilliance
 q - 2 potions of haste
 s - 4 potions of might
 u - a potion of magic
 v - a potion of degeneration {unknown}
 w - 6 potions of heal wounds
 y - a potion of mutation {unknown}
 A - 2 potions of agility
Comestibles
 a - 5 chunks of flesh
 c - 18 rations


   Skills:
 + Level 4.7 Fighting
 + Level 3.7 Throwing
 + Level 3.2 Dodging
 - Level 1.0 Stealth
 * Level 9.1 Unarmed Combat
 - Level 2.0 Spellcasting
   Level 0.6 Conjurations
   Level 0.6 Summonings
 - Level 0.6 Translocations
 + Level 2.9 Invocations


You had 10 spell levels left.
You knew the following spells:

 Your Spells              Type           Power        Failure   Level  Hunger
e - Blink                 Tloc           N/A          16%         2    ##.....

Your spell library contained the following spells:

 Spells                   Type           Power        Failure   Level  Hunger
 Magic Dart               Conj           #...         10%         1    #......
 Sandblast                Erth           #.....       13%         1    #......
 Call Imp                 Summ           #.......     16%         2    ##.....
 Passwall                 Tmut/Erth      #.......     19%         2    ##.....
 Slow                     Hex            #.......     19%         2    ##.....
 Conjure Flame            Conj/Fire      #.......     34%         3    ###....
 Mephitic Cloud           Conj/Pois/Air  #.......     34%         3    ###....
 Stone Arrow              Conj/Erth      #.....       34%         3    ###....
 Petrify                  Tmut/Erth      #.......     77%         4    #####..
 Lee's Rapid Deconstruct  Erth           #.........   98%         5    ######.


Dungeon Overview and Level Annotations

Branches:
Dungeon (7/15)             Temple (1/1) D:5

Altars:
Cheibriados
Dithmenos
Elyvilon
Gozag
Hepliaklqana
Kikubaaqudgha
Makhleb
Nemelex Xobeh
Okawaru
Qazlal
Ru
Sif Muna
Trog
Uskayaw
Vehumet
Wu Jian
Xom
Yredelemnul
Zin
The Shining One

Shops:
D:4 !(=   D:5 ?

Annotations:
D:6 exclusion: 2 doors


Innate Abilities, Weirdness & Mutations

You are too large for most types of armour.
You have claws for hands.
Your metabolism is lightning-fast.
You like to eat raw meat.
Your natural rate of healing is unusually fast.
You are covered in fur. (AC +1)
You have extremely tough skin. (AC +3)


Message History

The orc is lightly wounded.
Something hits you but does no damage.
Throwing (i - inventory. (/) - cycle)
z - 172 stones (quivered)
Press: ? - help, Shift-Dir - straight line, f/p - orc
Aim: an orc, wielding a +0 hand axe and wearing a +0 leather armour (lightly wounded)
You throw a stone.
The stone hits the orc but does no damage.
The orc is lightly wounded.
Something hits you but does no damage.
The orc priest casts a cantrip, but nothing happens.
Throwing (i - inventory. (/) - cycle)
z - 171 stones (quivered)
Press: ? - help, Shift-Dir - straight line, f/p - orc
Aim: an orc, wielding a +0 hand axe and wearing a +0 leather armour (lightly wounded)
You throw a stone. The stone closely misses the orc.
An orc warrior comes into view. It is wielding a +0 battleaxe.
Something hits you but does no damage.
You mangle the orc!!
You kill the orc!
Cheibriados thoroughly appreciates the change of pace.
Something hits you.
Throwing (i - inventory. (/) - cycle)
z - 170 stones (quivered)
Press: ? - help, Shift-Dir - straight line, f - orc priest
Aim: an orc priest, wielding a +0 spear and wearing a cursed -1 robe You throw a stone.
The stone hits the orc priest.
The orc priest is lightly wounded.
You hear some strange, mumbled words.
A magic dart appears from out of thin air!
The magic dart hits you!
You take 7 damage, and have 67/85 hp.
Throwing (i - inventory. (/) - cycle)
z - 169 stones (quivered)
Press: ? - help, Shift-Dir - straight line, f/p - orc priest
Aim: an orc priest, wielding a +0 spear and wearing a cursed -1 robe (lightly wounded)
You throw a stone.
The stone hits the orc priest but does no damage.
The orc priest is lightly wounded.
The orc priest invokes the aid of Beogh against you.
You easily resist.
Something hits you but does no damage.
Throwing (i - inventory. (/) - cycle)
z - 168 stones (quivered)
Press: ? - help, Shift-Dir - straight line, f/p - orc priest
Aim: an orc priest, wielding a +0 spear and wearing a cursed -1 robe You throw a stone.
The stone hits the orc priest.
The orc priest is lightly wounded.
Something hits you but does no damage.
Throwing (i - inventory. (/) - cycle)
z - 167 stones (quivered)
Press: ? - help, Shift-Dir - straight line, f/p - orc priest
Aim: an orc priest, wielding a +0 spear and wearing a cursed -1 robe (lightly wounded)
You throw a stone.
The stone hits the orc priest but does no damage.
The orc priest is lightly wounded.
The orc priest calls down the wrath of Beogh upon you.
Beogh smites you!
You take 12 damage, and have 56/85 hp.
You claw something!
You hear some strange, mumbled words.
A magic dart appears from out of thin air!
The magic dart hits you!
The orc priest hits you from afar with a +0 spear.
You take 8 damage, and have 48/85 hp.
You closely miss something. Something hits you but does no damage.
You barely miss something.
The orc priest hits you from afar with a +0 spear.
You hear some strange, mumbled words.
A magic dart appears from out of thin air!
The magic dart hits you.
* * * LOW HITPOINT WARNING * * *
You take 6 damage, and have 42/85 hp.
Unknown command.
You claw something!
Cheibriados appreciates the change of pace.
Reactivating autopickup.
You feel a bit more experienced. The orc warrior barely misses you.
The orc priest hits you from afar with a +0 spear.
* * * LOW HITPOINT WARNING * * *
You take 2 damage, and have 40/85 hp.
Unknown command.
The flow of time bends around you.
Cheibriados rebukes the orc warrior.
The orc warrior seems to slow down.
You feel slightly less full.
The orc priest miscasts a cantrip.
The orc warrior hits you with a +0 battleaxe!
* * * LOW HITPOINT WARNING * * *
You take 16 damage, and have 24/85 hp.
You now have 8/11 mp.
Unknown command.
Evoke which item? (* to show all) (? for menu, Esc to quit)
Okay, then.
Okay, then.
The orc priest invokes the aid of Beogh against you.
Beogh smites you!
* * * LOW HITPOINT WARNING * * *
The orc priest hits you but does no damage.
Found a scroll labeled YTTAMP YTOLE and 10 poisoned needles.
Things that are here:
a +0 dagger; a cursed +0 robe; 14 gold pieces You take 13 damage, and have 11/85 hp.
Unknown command.
Unknown command.
You scratch the orc priest but do no damage.
The orc priest is lightly wounded.
The orc warrior hits you with a +0 battleaxe!
You die...

#.............
#....(........
#............. ##
#.............
#...#....(.(..(..(
#...#....(().(....
#...#....o........
.........o@.......
.....(..........?
######...((........
.............(.....
#####..)...(......
#...................
#.#.#...............
#.#.................
#)#)#..†.....(......


You could see an orc warrior and an orc priest.

Vanquished Creatures
  Edmund (D:5)
  Duvessa (D:7)
  Purgy (Sewer)
  A necrophage (D:6)
  An orc warrior (D:6)
  3 ogres
  The ghost of brittlin the Charmwright, an amateur MfSk (D:3)
  A centaur (D:5)
  Blork the orc (D:5)
  4 bullfrogs
  Dowan (D:7)
  A scorpion (D:6)
  2 crimson imps
  3 orc priests
  2 bullfrog skeletons
  7 hounds
  3 iguanas
  Ijyb (D:3)
  6 worker ants
  5 orc wizards
  A killer bee zombie (D:5)
  A hound skeleton (D:4)
  13 mummies (Ossuary)
  10 adders
  2 oozes
  A worm zombie (D:4)
  3 worms
  3 dart slugs (D:2)
  4 leopard geckos
  22 orcs
  4 ball pythons (D:3)
  5 giant cockroaches
  10 goblins
  6 hobgoblins
  4 jackals
  6 kobolds
  6 quokkas
  12 bats
  4 frilled lizards
  5 gnoll skeletons (Ossuary)
  A goblin skeleton (Ossuary)
  2 jackal skeletons
  2 kobold skeletons (Ossuary)
  2 kobold zombies (D:4)
  2 leopard gecko skeletons
  A quokka skeleton (D:7)
  6 rats
  11 rat skeletons (Ossuary)
195 creatures vanquished.

Vanquished Creatures (others)
  A quokka skeleton (D:4)
  A plant (D:3)
2 creatures vanquished.

Grand Total: 197 creatures vanquished

Notes
Turn   | Place    | Note
-------+----------+-------------------------------------------
     0 | D:1      | Monsterracer the Troll Wizard began the quest for the Orb.
     0 | D:1      | Reached XP level 1. HP: 16/16 MP: 2/2
    69 | D:1      | Reached skill level 1 in Unarmed Combat
   499 | D:1      | Reached XP level 2. HP: 24/24 MP: 4/4
   624 | D:2      | Reached skill level 2 in Unarmed Combat
   799 | D:2      | Reached XP level 3. HP: 31/31 MP: 5/5
   851 | D:2      | Reached skill level 3 in Unarmed Combat
   876 | D:2      | Found a hazy altar of Hepliaklqana.
  1154 | D:2      | Reached XP level 4. HP: 28/40 MP: 6/6
  1269 | D:2      | Reached skill level 1 in Fighting
  1416 | D:2      | Reached skill level 4 in Unarmed Combat
  1559 | D:3      | Reached XP level 5. HP: 39/48 MP: 7/7
  1676 | D:3      | Noticed Ijyb
  1689 | D:3      | Killed Ijyb
  1963 | D:3      | Found a runed translucent door.
  1966 | D:3      | Noticed brittlin's ghost (amateur MfSk)
  1998 | D:3      | Killed brittlin's ghost
  1998 | D:3      | Reached skill level 5 in Unarmed Combat
  1998 | D:3      | Reached XP level 6. HP: 45/57 MP: 8/8
  2304 | D:4      | Found Diulip's Distillery.
  2349 | D:4      | Bought a potion of curing for 36 gold pieces
  2349 | D:4      | Bought a potion of heal wounds for 60 gold pieces
  2349 | D:4      | Bought a potion of heal wounds for 60 gold pieces
  2349 | D:4      | Bought a potion of curing for 36 gold pieces
  2349 | D:4      | Bought a potion of lignification for 36 gold pieces
  2352 | D:4      | HP: 28/57 [worker ant (8)]
  2365 | D:4      | Found Geas's Weapon Boutique.
  2378 | D:4      | Found Ypie's Jewellery Boutique.
  2413 | D:4      | Found a sand-covered staircase.
  2438 | Ossuary  | Entered an ossuary
  2566 | Ossuary  | HP: 24/59 [mummy (11)]
  2677 | Ossuary  | Reached skill level 6 in Unarmed Combat
  2716 | Ossuary  | HP: 25/59 [mummy (16)]
  2934 | Ossuary  | Reached XP level 7. HP: 62/66 MP: 9/9
  3224 | D:3      | HP: 33/67 [hound (2)]
  3664 | D:3      | HP: 30/67 [worker ant (4)]
  3669 | D:3      | HP: 26/67 [poisoned by a worker ant]
  3674 | D:3      | HP: 23/67 [poisoned by a worker ant]
  3680 | D:3      | HP: 23/67 [poisoned by a worker ant]
  3686 | D:3      | HP: 24/67 [poisoned by a worker ant]
  3691 | D:3      | HP: 25/67 [poisoned by a worker ant]
  3699 | D:3      | HP: 28/67 [poisoned by a worker ant]
  3807 | D:3      | Reached skill level 1 in Throwing
  3849 | D:4      | Reached skill level 7 in Unarmed Combat
  3851 | D:4      | HP: 32/67 [orc priest/divine providence (17)]
  3917 | D:3      | HP: 33/67 [worker ant (3)]
  3922 | D:3      | HP: 21/67 [poisoned by a worker ant]
  3927 | D:3      | HP: 19/67 [poisoned by a worker ant]
  3932 | D:2      | HP: 12/67 [poisoned by a worker ant]
  3937 | D:2      | HP: 6/67 [poisoned by a worker ant]
  3937 | D:2      | HP: 1/67 [worker ant (5)]
  4157 | D:4      | Learned a level 2 spell: Blink
  4400 | D:5      | Entered Level 5 of the Dungeon
  4401 | D:5      | Found a staircase to the Ecumenical Temple.
  4405 | D:5      | Noticed Blork the orc
  4433 | D:5      | HP: 28/67 [something (7)]
  4436 | D:5      | Killed Blork the orc
  4557 | Temple   | Entered the Ecumenical Temple
  4621 | Temple   | Became a worshipper of Cheibriados the Contemplative
  4790 | D:5      | Reached XP level 8. HP: 57/78 MP: 10/10
  5085 | D:5      | HP: 36/78 [centaur/arrow (15)]
  5090 | D:5      | HP: 30/78 [orc wizard/magic dart (2)]
  5221 | D:5      | Reached * piety under Cheibriados
  5221 | D:5      | Reached skill level 1 in Invocations
  5237 | D:5      | Found Hylehy's Magic Scroll Shop.
  5252 | D:5      | Bought a scroll of enchant armour for 97 gold pieces
  5417 | D:5      | Noticed Edmund
  5429 | D:5      | HP: 34/78 [Edmund/+1 dire flail of draining (11)]
  5431 | D:5      | Killed Edmund
  5582 | D:5      | Found a deep blue altar of Sif Muna.
  5863 | D:6      | Reached skill level 8 in Unarmed Combat
  6151 | D:6      | Reached ** piety under Cheibriados
  6158 | D:6      | HP: 30/78 [orc warrior/+0 trident (19)]
  6211 | D:6      | Found a glowing drain.
  6241 | Sewer    | Entered a sewer
  6293 | Sewer    | Noticed Purgy
  6303 | Sewer    | Killed Purgy
  6303 | Sewer    | Reached XP level 9. HP: 83/85 MP: 11/11
  6612 | D:6      | Noticed a five-headed hydra
  7017 | D:7      | Noticed Duvessa
  7018 | D:7      | Noticed Dowan
  7110 | D:7      | Killed Duvessa
  7115 | D:7      | Killed Dowan
  7162 | D:7      | Reached skill level 9 in Unarmed Combat
  7285 | D:7      | HP: 42/85 [something/magic dart (5)]
  7288 | D:7      | HP: 11/85 [orc priest/divine providence (14)]
  7289 | D:7      | Mangled by an orc warrior

Skill      XL: |  1  2  3  4  5  6  7  8  9 |
---------------+----------------------------+-----
Unarmed Combat | 1 2 3 4 5 6 7 8 9 |  9.1
Fighting       | 1 2 3 4 |  4.7
Throwing       | 2 3 |  3.7
Dodging        | 2 3 |  3.2
Invocations    | 2 |  2.9
Stealth        | |  1.0
Spellcasting   | |  2.0
Conjurations   | |  0.6
Summonings     | |  0.6
Translocations | |  0.6

Action                   |  1- 3 |  4- 6 |  7- 9 || total
-------------------------+-------+-------+-------++-------
Melee: Unarmed           |   122 |   230 |   336 ||   688
       Punch             |     1 |     5 |     8 ||    14
Throw: Stone             |       |       |   147 ||   147
Invok: Bend Time         |       |       |     1 ||     1
Evoke: Wand              |       |       |     1 ||     1
  Use: Scroll            |       |    13 |     6 ||    19
       Potion            |       |       |     1 ||     1
 Stab: Sleeping          |     2 |     2 |       ||     4
  Eat: Chunk             |    16 |    11 |    39 ||    66
Armor: Robe              |    60 |    71 |   123 ||   254
Dodge: Dodged            |    55 |    95 |   171 ||   321

Levels and vault maps discovered:
D:1:      dpeg_arrival_arbitrary_c, layout_loops_ring
D:2:      kennysheep_the_goblin_king, layout_loops_corners, lemuel_doored_altar,
          minmay_tall_x
D:3:      layout_loops_ring, hellmonk_ghost_happy_afterlife,
          minmay_strange_pillars, saegor_snake_ambush, uniq_ijyb
D:4:      layout_layer_cave, serial_shops, shop, shop, nicolae_shop_statue_plus,
          enter_ossuary_3, first_ration, minmay_fractal_squares_5
D:5:      minmay_chambers_of_threes, layout_basic, marbit_many_paths,
          minmay_temple_entry_mist, serial_shops, shop,
          hangedman_abyss_or_decor_passed, minivault_4, uniq_blork_the_orc,
          uniq_edmund
D:6:      minmay_chambers_of_sixes, layout_basic, cheibrodos_sewer_entry_bend
D:7:      layout_basic, uniq_duvessa
Temple:   eino_narrow_crystal_temple
Sewer:    sewer_big_baddie
Ossuary:  ossuary_due_small_catacomb
